 Dungeon Crawl Stone Soup version bcrawl-1.37.2 (webtiles) character file.

Game seed: 9804089059490724413

8889879 Mehrunes the Warrior (level 18, -13/156 HPs)
             Began as a Demonspawn Gladiator on Nov 8, 2022.
             Was the Champion of Okawaru.
             Collided with a stone wall (16 damage)
             ... caused by a water nymph
             ... on level 3 of the Shoals.
             The game lasted 01:33:51 (32078 turns).

Mehrunes the Warrior (Demonspawn Gladiator)        Turns: 32078, Time: 01:33:52

Health: -13/156    AC: 25    Str: 24    XL:     18   Next: 42%
Magic:  19/23      EV: 13    Int: 12    God:    Okawaru [******]
Gold:   2122       SH: 38    Dex: 20    Spells: 17/17 levels left

rFire    . . .     GDR:     42% D - +3 broad axe (chop)
rCold    + + .     SeeInvis .   M - +18 shield of the Gong {rElec rN+ MR+ EV-5}
rNeg     + + .     Gourm    .   v - +4 chain mail "Jytah" {*Slow rC+ Str+2}
rPois    +         Faith    .   o - +2 hat
rElec    +         Spirit   .   P - +2 cloak {rPois}
rCorr    .         Reflect  +   W - +0 pair of gloves
MR       ++...                  (boots unavailable)
Stlth    +.........             g - +3 amulet of reflection
HPRegen  3.36/turn              k - +5 ring of dexterity
MPRegen  0.18/turn              Q - ring of protection from cold

@: heroism, finesse, very slow
A: claws 2, horns 2, talons 3, demonic guardian 2, foul stench 1, high mp 1,
negative energy resistance 1, powered by death 2, strong 1, rot immunity
}: 1/15 runes: gossamer
a: Heroism, Finesse, Renounce Religion


You were on level 3 of the Shoals.
You worshipped Okawaru.
Okawaru was exalted by your worship.
You were hungry.

You visited 7 branches of the dungeon, and saw 27 of its levels.
You also visited: Sewer and Volcano.

You collected 2745 gold pieces.
You spent 623 gold pieces at shops.

Inventory:

Hand Weapons
 u - a +1 battleaxe of flaming
 z - a +2 whip of electrocution
 D - a +3 broad axe of chopping (weapon)
 Z - a +5 battleaxe of freezing
Missiles
 d - 2 throwing nets {=f}
 r - 3161 sling bullets
 H - 82 javelins of penetration {=f}
 V - 359 javelins (quivered)
Armour
 l - a scarf of clouds
 o - a +2 hat (worn)
 v - the +4 chain mail "Jytah" (worn) {*Slow rC+ Str+2}
   (Okawaru gifted it to you on level 12 of the Dungeon)

   It affects your strength (+2).
   It protects you from cold.
   It may slow you when you take damage.
 M - the +18 shield of the Gong (worn) {rElec rN+ MR+ EV-5}
   (You found it on level 5 of the Lair of Beasts)

   It affects your evasion (-5).
   It insulates you from electricity.
   It protects you from negative energy.
   It affects your resistance to hostile enchantments.
 P - a +2 cloak of poison resistance (worn)
 U - a +3 plate armour of fire resistance
 W - a +0 pair of gloves (worn)
Jewellery
 f - an uncursed ring of protection from magic
 g - a +3 amulet of reflection (around neck)
 k - a +5 ring of dexterity (left hand)
 t - an uncursed ring of insulation
 y - an uncursed ring of fire
 B - an uncursed ring of teleportation
 Q - a ring of protection from cold (right hand)
 R - a cursed ring of positive energy
 Y - an uncursed ring of protection from magic
Wands
 a - a wand of charming (10)
 j - a wand of acid (6)
 E - a wand of paralysis (21)
 G - a wand of scattershot (6)
 S - a wand of iceblast (18)
 X - a wand of digging (11)
Scrolls
 c - 2 scrolls of blinking
 i - a scroll of identify
 m - 14 scrolls of teleportation
 n - 2 scrolls of enchant armour
 s - 13 scrolls of remove curse
 w - 8 scrolls of magic mapping
 I - 7 scrolls of fear
 K - 2 scrolls of immolation
 L - a scroll of torment
 N - 3 scrolls of fog
 T - a scroll of enchant weapon
Potions
 b - a potion of heal wounds
 h - 4 potions of haste
 p - 3 potions of curing
 q - a potion of magic
 C - 4 potions of brilliance
 F - 3 potions of ambrosia
 J - 2 potions of mutation
 O - a potion of flight
Miscellaneous
 x - a phial of floods
Comestibles
 e - 39 rations {!d}
 A - 11 chunks of flesh


   Skills:
 + Level 17.7(22.7) Fighting
 + Level 13.5(18.5) Axes
 - Level 9.7(14.7) Throwing
 - Level 11.3(16.3) Armour
 + Level 9.5(14.5) Dodging
 - Level 3.0(8.0) Stealth
 - Level 14.8(19.8) Shields
 - Level 5.0 Invocations


You had 17 spell levels left.
You didn't know any spells.
Your spell library contained the following spells:

 Spells                   Type           Power        Failure   Level  Hunger
 Apportation              Tloc           #.....       98%         1    None
 Blink Other              Tloc           #.....       98%         1    None
 Corona                   Hex            #......      98%         1    None
 Flame Tongue             Conj/Fire      #....        98%         1    None
 Infusion                 Chrm           #.......     98%         1    None
 Magic Dart               Conj           #...         98%         1    None
 Sandblast                Erth           #.....       98%         1    None
 Slow                     Hex            #.......     98%         1    None
 Static Discharge         Air            #.....       98%         1    None
 Summon Butterflies       Summ           #.......     98%         1    None
 Blink                    Tloc           N/A          99%         2    ####...
 Call Imp                 Summ           #.....       99%         2    ####...
 Ensorcelled Hibernation  Hex/Ice        #.....       99%         2    ####...
 Flaming Arrows           Chrm/Fire      #.......     99%         2    ####...
 Confuse                  Hex            #.......     100%        3    #####..
 Conjure Flame            Conj/Fire      #.......     100%        3    #####..
 Dazzling Orbs            Conj/Hex       #......      100%        3    #####..
 Inner Flame              Hex/Fire       N/A          100%        3    #####..
 Mephitic Cloud           Conj/Pois/Air  #.......     100%        3    #####..
 Spider Form              Tmut/Pois      #..          100%        3    #####..
 Tukima's Dance           Hex            #.......     100%        3    #####..
 Cause Fear               Hex            #.........   100%        4    ######.
 Lightning Bolt           Conj/Air       #.......     100%        4    ######.
 Sticky Flame             Conj/Fire      #.......     100%        4    ######.
 Fireball                 Conj/Fire      #.........   100%        5    #######
 Summon Forest            Summ/Tloc      #.........   100%        5    #######
 Summon Lightning Spire   Summ/Air       #.......     100%        5    #######
 Conjure Ball Lightning   Conj/Air       #.........   100%        6    #######
 Poison Arrow             Conj/Pois      #.........   100%        6    #######
 Chain Lightning          Conj/Air       #.........   100%        8    #######
 Tornado                  Tloc/Air       #.........   100%        8    #######


Dungeon Overview and Level Annotations

Branches:
Dungeon (12/12)            Temple (1/1) D:6            Lair (6/6) D:8
 Shoals (3/3) Lair:4       Spider (3/3) Lair:3        Slime (0/5) Lair:6
    Orc (1/1) D:8             Elf (0/3) Orc          Vaults (1/3) D:12
  Crypt (0/2) Vaults:1     Depths (0/5) D:12

Altars:
Ashenzari
Cheibriados
Dithmenos
Fedhas
Gozag
Hepliaklqana
Kikubaaqudgha
Lugonu
Makhleb
Nemelex Xobeh
Okawaru
Qazlal
Ru
Sif Muna
Trog
Uskayaw
Vehumet
Wu Jian
Xom
Yredelemnul
Jiyva

Shops:
D:6 ::   D:8 [   D:9 ?   D:11 (   Orc ([=%}   Shoals:1 =   Vaults:1 (

Annotations:
D:2 1 runed door
D:5 1 runed translucent door, zoran's ghost, novice DrTm
D:6 3 runed translucent doors, Argron's ghost, novice NaRg
Spider:1 1 runed door, exclusion: orange crystal statue, Roxanne


Innate Abilities, Weirdness & Mutations

You have very sharp fingernails.
You have a pair of horns on your head.
You have claws for feet.
A demonic guardian rushes to your aid.
You may emit foul miasma when damaged in melee.
You resist negative energy. (rN+)
You regenerate health from kills.
You are immune to rotting.
You have an increased reservoir of magic. (+10% MP)
Your muscles are strong. (Str +2)


Message History

A merfolk comes into view. It is wielding a +0 trident.
You block the snapping turtle's attack.
BONNNG!
You hear a shout!
You float gracefully downwards.
Splash!
You fall into the shallow water.
Moving in this stuff is going to be slow.
You block the merfolk's attack.
BOUMMMMG!
The water nymph gestures at you. The water swirls and strikes you!!
* * * LOW HITPOINT WARNING * * *
You block the sea snake's attack.
BOUMMMMG!
The water nymph gestures at you. The torrent of water hits you!!
* * * LOW HITPOINT WARNING * * *
You are knocked back by the torrent of water.
You slam into the stone wall!
You die...

#..#.. ≈≈..
#..#.≈≈#≈#.
#..#.#≈§§§§
#..#≈≈§§§§ m
#.§#§m#§# §#
#.§≈§§≈§#
≈.# #))†mE§#
≈≈≈
#)4#mm##§mm#
#.(#t@§#m≈§#
#.†#≈#SEmm.#
#..#..≈≈≈≈.#
#..#..≈≈≈..#
#$.#..≈≈≈..#
#..#..≈≈...#
#..#.......#
#..#8.....8#
#..#########


You could see a merfolk javelineer, a sea snake, a snapping turtle, 3 merfolk, a
water elemental, 2 water nymphs and an air elemental.

Vanquished Creatures
  An ancient champion (Vaults:1)
  Agnes (D:12)
  3 emperor scorpions (Spider:3)
  4 ghost moths (Spider:3)
  A fire giant (D:11)
  Aizul (Spider:2)
  A deep elf sorcerer (Vaults:1)
  An orc warlord (Orc)
  4 vault wardens (Vaults:1)
  A caustic shrike skeleton (D:12)
  2 ironheart preservers (Vaults:1)
  7 entropy weavers
  A deep elf annihilator (Vaults:1)
  8 dire elephants (Vaults:1)
  2 spark wasps (Spider:3)
  A deep elf death mage (Vaults:1)
  2 fire dragons
  2 merfolk impalers
  A crystal guardian (Vaults:1)
  A jiangshi (Vaults:1)
  A rakshasa (Vaults:1)
  5 vault guards
  Erica (D:8)
  A hydra (Lair:2)
  An ice dragon (D:11)
  A two-headed ogre (Orc)
  4 merfolk aquamancers
  2 catoblepae
  7 sea snakes
  A death knight (Vaults:1)
  A hell hog (Volcano)
  9 death yaks
  3 ironheart beastmasters (Vaults:1)
  2 orc high priests (Orc)
  A deep elf knight (Vaults:1)
  3 deep trolls (Vaults:1)
  2 skeletal warriors
  6 centaur warriors
  2 glowing orange brains (Vaults:1)
  An unseen horror (D:12)
  2 deep elf archers (Vaults:1)
  3 phantasmal warriors
  2 orc knights
  An ironheart convoker (Vaults:1)
  Pikel (D:8)
  22 wolf spiders
  4 wizards (Vaults:1)
  A necromancer (D:12)
  A cyclops (Vaults:1)
  10 harpies
  11 orb spiders
  3 orc sorcerers (Orc)
  A tengu skeleton (D:12)
  4 deep elf magi (Vaults:1)
  3 moths of wrath (Spider:3)
  12 ugly things
  2 elephants (Lair:6)
  4 vault sentinels (Vaults:1)
  9 manticores
  3 water nymphs (Shoals:3)
  2 merfolk sirens (Shoals:2)
  5 black mambas
  11 cane toads
  A yaktaur zombie (D:12)
  A gargoyle (D:12)
  A torpor snail (Spider:3)
  41 jumping spiders
  10 demonic crawlers
  4 komodo dragons
  A freezing wraith (D:12)
  9 yaktaurs
  A flying skull (Vaults:1)
  2 rime drakes
  A polar bear (shapeshifter) (Vaults:1)
  A guardian mummy (D:12)
  3 meliai (Spider:1)
  11 merfolk
  A troll (D:10)
  Grinder (D:5)
  5 polar bears
  10 hornets
  5 snapping turtles
  Prince Ribbit (D:5)
  An ice dragon zombie (D:12)
  12 blink frogs
  12 slime creatures
  Sigmund (D:4)
  6 wind drakes
  13 hippogriffs
  Grum (D:8)
  2 dream sheep (Shoals:3)
  3 air elementals (Shoals:3)
  A spriggan (D:9)
  A meliai zombie (D:12)
  6 wraiths
  25 tarantellas
  3 wyverns
  35 yaks
  3 fire bats (Lair:1)
  7 water elementals
  Eustachio (D:4)
  3 basilisks
  3 hungry ghosts
  2 steam dragons (Volcano)
  47 redbacks
  9 crocodiles
  5 water moccasins
  A hell hound (Volcano)
  11 porcupines
  A hornet zombie (D:12)
  2 ice beasts
  2 slaves (D:8)
  Purgy (D:4)
  3 black bears (Lair:3)
  2 sky beasts
  38 orc warriors
  12 ogres
  3 phantoms
  14 wolves
  12 bullfrogs
  2 kobold brigands
  Blork the orc (D:5)
  A centaur (D:7)
  A water moccasin zombie (D:8)
  6 scorpions
  2 jellies
  2 howler monkeys
  7 electric eels
  16 orc priests
  7 crimson imps
  5 hounds
  33 orc wizards
  2 bullfrog skeletons (D:7)
  4 iguanas
  Ijyb (D:3)
  14 worker ants
  2 hound zombies
  4 hound skeletons
  2 worker ant zombies
  Robin (D:2)
  A gnoll (D:2)
  16 adders
  A river rat (D:5)
  6 shadow imps
  An ooze (Sewer)
  3 adder zombies
  3 adder skeletons
  9 worms
  2 dart slugs
  2 leopard geckos
  73 orcs
  17 bats
  6 giant cockroaches
  6 hobgoblins
  22 jackals
  3 quokkas
  4 ball pythons
  4 frilled lizards
  15 goblins
  15 kobolds
  A quokka skeleton (D:5)
  9 rats
  7 fungi
  A plant (D:8)
  4 withered plants (D:12)
974 creatures vanquished.

Vanquished Creatures (collateral kills)
  An orc warlord (Vaults:1)
  A stone giant (Vaults:1)
  A very ugly thing (Vaults:1)
  2 ironheart preservers (Vaults:1)
  A vampire knight (Vaults:1)
  A deep elf death mage (Vaults:1)
  Josephine (D:11)
  A hydra (Lair:5)
  3 catoblepae (Lair:6)
  A merfolk avatar (Shoals:1)
  4 death yaks (Lair:6)
  2 two-headed ogres
  A deep elf knight (Vaults:1)
  2 centaur warriors (Vaults:1)
  A cyclops (Shoals:3)
  2 wizards (Vaults:1)
  A deep elf archer (Vaults:1)
  2 wolf spiders
  9 orb spiders
  An ironheart convoker (Vaults:1)
  A wolf spider zombie (D:9)
  An orc sorcerer (Orc)
  An ugly thing (Vaults:1)
  3 elephants (Lair:6)
  2 merfolk sirens (Shoals:3)
  A cane toad (Lair:6)
  A torpor snail (Spider:1)
  3 jumping spiders
  A demonic crawler (Spider:3)
  A komodo dragon (Lair:4)
  2 yaktaurs (Vaults:1)
  4 merfolk
  A troll (Orc)
  4 blink frogs
  A hippogriff (Lair:2)
  3 slime creatures (D:11)
  2 dream sheep (Shoals:3)
  2 tarantellas (Spider:1)
  7 yaks
  4 redbacks
  A basilisk (D:12)
  2 crocodiles
  A phantom (D:8)
  3 orc warriors
  4 wolves
  A scorpion (D:8)
  3 orc priests
  2 howler monkeys (D:11)
  A quasit (D:9)
  An orc wizard (Orc)
  An adder (D:8)
  4 orcs
  2 bats (D:8)
109 creatures vanquished.

Vanquished Creatures (others)
  A merfolk javelineer (Shoals:3)
  A water nymph (Shoals:3)
  A wraith (D:11)
  2 slaves (D:8)
  An orc (D:8)
  A bush (D:8)
  14 fungi
  17 plants
  2 withered plants (D:5)
40 creatures vanquished.

Grand Total: 1123 creatures vanquished

Notes
Turn   | Place    | Note
-------+----------+-------------------------------------------
     0 | D:1      | Mehrunes the Demonspawn Gladiator began the quest for the
                  | Orb.
     0 | D:1      | Reached XP level 1. HP: 18/18 MP: 1/1
   176 | D:1      | Gained mutation: You are immune to rotting. [demonic
                  | ancestry]
   176 | D:1      | Reached XP level 2. HP: 19/24 MP: 2/2
   358 | D:1      | Reached XP level 3. HP: 29/29 MP: 3/3
   959 | D:2      | Found a runed door.
  1064 | D:2      | Noticed Robin
  1418 | D:2      | Gained mutation: You have sharp toenails. [demonic
                  | ancestry]
  1418 | D:2      | Reached XP level 4. HP: 26/35 MP: 4/4
  1424 | D:2      | Killed Robin
  2059 | D:3      | Noticed Ijyb
  2067 | D:3      | Killed Ijyb
  2068 | D:3      | Reached skill level 5 in Axes
  2236 | D:3      | Reached XP level 5. HP: 37/41 MP: 5/5
  2965 | D:4      | Noticed a sky beast
  2990 | D:4      | Killed a sky beast
  2991 | D:4      | Gained mutation: You have a pair of small horns on your
                  | head. [demonic ancestry]
  2991 | D:4      | Reached XP level 6. HP: 21/47 MP: 6/6
  3206 | D:4      | Noticed Purgy
  3221 | D:4      | Killed Purgy
  3287 | D:4      | Noticed Eustachio
  3435 | D:4      | Reached XP level 7. HP: 52/52 MP: 7/7
  3534 | D:4      | Noticed Sigmund
  3693 | D:4      | Killed Sigmund
  3854 | D:4      | Killed Eustachio
  3855 | D:4      | Gained mutation: You have razor-sharp toenails. [demonic
                  | ancestry]
  3855 | D:4      | Reached XP level 8. HP: 37/58 MP: 8/8
  4343 | D:5      | Entered Level 5 of the Dungeon
  4548 | D:5      | Found a runed translucent door.
  4548 | D:5      | Noticed zoran's ghost (novice DrTm)
  4567 | D:5      | Noticed Grinder
  4568 | D:5      | Paralysed by Grinder for 2 turns
  4714 | D:5      | Found a glowing drain.
  4753 | D:5      | Paralysed by Grinder for 2 turns
  4757 | D:5      | Paralysed by Grinder for 2 turns
  4761 | D:5      | Killed Grinder
  4762 | D:5      | Reached skill level 10 in Axes
  4822 | Sewer    | Entered a sewer
  5334 | D:5      | Noticed a hippogriff
  5556 | D:5      | Reached skill level 4 in Fighting
  5596 | D:5      | Noticed Prince Ribbit
  5729 | D:5      | Killed Prince Ribbit
  5730 | D:5      | Gained mutation: You have a pair of horns on your head.
                  | [demonic ancestry]
  5730 | D:5      | Reached XP level 9. HP: 66/66 MP: 9/9
  6222 | D:5      | Noticed Blork the orc
  6229 | D:5      | Killed Blork the orc
  6230 | D:5      | Reached skill level 5 in Fighting
  6581 | D:6      | Reached skill level 6 in Fighting
  6705 | D:6      | Found Myduet's Book Shoppe.
  6774 | D:6      | Found a staircase to the Ecumenical Temple.
  6792 | D:6      | Found Akideipi's Book Boutique.
  6809 | Temple   | Entered the Ecumenical Temple
  7105 | Temple   | Became a worshipper of Warmaster Okawaru
  7363 | D:6      | Found a runed translucent gate.
  7363 | D:6      | Found a runed translucent gate.
  7364 | D:6      | Found a runed translucent gate.
  7368 | D:6      | Noticed Argron's ghost (novice NaRg)
  7997 | D:7      | Reached skill level 7 in Fighting
  7997 | D:7      | Reached skill level 1 in Armour
  8151 | D:7      | Gained mutation: A weak demonic guardian rushes to your
                  | aid. [demonic ancestry]
  8151 | D:7      | Reached XP level 10. HP: 75/79 MP: 10/10
  8337 | D:7      | Reached * piety under Okawaru
  8723 | D:8      | Noticed Erica
  8729 | D:8      | Killed Erica
  8730 | D:8      | Reached skill level 8 in Fighting
  8859 | D:8      | Reached ** piety under Okawaru
  8913 | D:8      | Reached skill level 5 in Armour
  8920 | D:8      | Reached skill level 9 in Fighting
  9009 | D:8      | Found a staircase to the Lair.
  9032 | D:8      | Reached *** piety under Okawaru
  9112 | D:8      | Noticed Pikel
  9133 | D:8      | Noticed a two-headed ogre
  9135 | D:8      | Killed Pikel
  9136 | D:8      | Reached skill level 1 in Stealth
  9136 | D:8      | Noticed Grum
  9137 | D:8      | Identified the cursed +2 hand axe of Lirhiazuet {flame,
                  | *Contam Str+6}
  9354 | D:8      | Found Waadi's Armour Shoppe.
  9356 | D:8      | Found a staircase to the Orcish Mines.
  9375 | D:8      | Gained mutation: A demonic guardian rushes to your aid.
                  | [demonic ancestry]
  9375 | D:8      | Reached XP level 11. HP: 80/89 MP: 11/11
  9599 | D:8      | Killed Grum
  9599 | D:8      | Reached **** piety under Okawaru
  9601 | D:8      | Killed a two-headed ogre
 10292 | D:9      | Reached ***** piety under Okawaru
 10325 | D:9      | Reached skill level 10 in Fighting
 10547 | D:9      | Reached skill level 1 in Invocations
 10759 | D:9      | Found Megod's Magic Scroll Boutique.
 11051 | D:9      | Noticed a catoblepas
 11083 | D:9      | Killed a catoblepas
 11255 | D:9      | Found a hazy altar of Hepliaklqana.
 11255 | D:9      | Found a sacrificial altar of Ru.
 11407 | D:10     | Entered Level 10 of the Dungeon
 12266 | D:11     | Noticed a catoblepas
 12288 | D:11     | Killed a catoblepas
 12288 | D:11     | Received a gift from Okawaru
 12422 | D:11     | Found Qyezyot's Antique Weapon Shop.
 12437 | D:11     | Noticed a fire giant
 12446 | D:11     | Noticed a centaur warrior
 12554 | Lair:1   | Entered Level 1 of the Lair of Beasts
 12647 | Lair:1   | Reached skill level 5 in Invocations
 13047 | Lair:1   | Found a dark tunnel.
 13052 | Lair:1   | Gained mutation: You regenerate a little health from kills.
                  | [demonic ancestry]
 13052 | Lair:1   | Reached XP level 12. HP: 88/99 MP: 15/15
 13081 | Volcano  | Entered a volcano
 13106 | Volcano  | Noticed a fire dragon
 13116 | Volcano  | Killed a fire dragon
 13116 | Volcano  | Received a gift from Okawaru
 13117 | Volcano  | Reached skill level 11 in Fighting
 13117 | Volcano  | Reached skill level 5 in Dodging
 13125 | Volcano  | Got a masterwork longbow {god gift}
 13218 | Volcano  | Noticed a hell hog
 13224 | Volcano  | Killed a hell hog
 13264 | Lair:1   | Identified the +2 longbow "Icezxa" {freeze, rC+ MP+9 Str+3}
                  | (Okawaru gifted it to you in a volcano)
 13894 | Lair:2   | Noticed a four-headed hydra
 13906 | Lair:2   | Killed a one-headed hydra
 15455 | Lair:3   | Identified the Incunabulum of Venomous Orientation
 15502 | Lair:3   | Reached skill level 12 in Fighting
 15746 | Lair:3   | Found a hole to the Spider Nest.
 15752 | Lair:3   | Reached ****** piety under Okawaru
 15754 | Lair:3   | Received a gift from Okawaru
 16151 | Lair:4   | Gained mutation: You have claws for feet. [demonic
                  | ancestry]
 16151 | Lair:4   | Reached XP level 13. HP: 98/109 MP: 16/16
 16237 | Lair:4   | Found a staircase to the Shoals.
 16348 | Lair:4   | Reached skill level 13 in Fighting
 17189 | Lair:5   | Found the +18 shield of the Gong {rElec rN+ MR+ EV-5}
 17475 | Lair:6   | Entered Level 6 of the Lair of Beasts
 17662 | Lair:6   | Received a gift from Okawaru
 17663 | Lair:6   | Reached skill level 10 in Armour
 17973 | Lair:6   | Reached skill level 1 in Shields
 18017 | Lair:6   | Found a viscous altar of Jiyva.
 18022 | Lair:6   | Found a staircase to the Slime Pits.
 18067 | Lair:6   | Reached skill level 14 in Fighting
 18302 | Lair:6   | Gained mutation: You have sharp fingernails. [demonic
                  | ancestry]
 18302 | Lair:6   | Reached XP level 14. HP: 120/120 MP: 14/17
 18436 | Lair:6   | Got distressingly furry iron dragon scales
 18456 | Lair:6   | Identified the +2 iron dragon scales of Springtime {rElec
                  | Regen+ rCorr Dex-2} (You found it on level 6 of the Lair of
                  | Beasts)
 18469 | Lair:6   | Got a pitted leather armour
 18726 | Lair:6   | Reached skill level 5 in Shields
 19177 | D:11     | Noticed Josephine
 19188 | D:11     | Killed Josephine
 19221 | D:11     | Killed a fire giant
 19227 | D:11     | Reached skill level 15 in Fighting
 19779 | Orc      | Entered the Orcish Mines
 19790 | Orc      | Found a staircase to the Elven Halls.
 19850 | Orc      | Found a roughly hewn altar of Beogh.
 19900 | Orc      | Found Mymiv's Jewellery Boutique.
 19910 | Orc      | Received a gift from Okawaru
 20313 | Orc      | Found a roughly hewn altar of Beogh.
 20322 | Orc      | Found Demaik's Gadget Shop.
 20419 | Orc      | Found a roughly hewn altar of Beogh.
 20631 | Orc      | Found a roughly hewn altar of Beogh.
 20714 | Orc      | Found a roughly hewn altar of Beogh.
 20733 | Orc      | Found Gisix's Food Shoppe.
 20886 | Orc      | Noticed an orc warlord
 20906 | Orc      | Killed an orc warlord
 20913 | Orc      | Found Ymischec's Antique Armour Shop.
 20923 | Orc      | Found a roughly hewn altar of Beogh.
 20926 | Orc      | Found Pezec's Antique Weapon Boutique.
 21228 | D:12     | Entered Level 12 of the Dungeon
 21296 | D:12     | Found a staircase to the Depths.
 21305 | D:12     | Received a gift from Okawaru
 21310 | D:12     | Reached skill level 5 in Throwing
 21312 | D:12     | Got a citrine-encrusted chain mail {god gift}
 21344 | D:12     | Gained mutation: You have very sharp fingernails. [demonic
                  | ancestry]
 21344 | D:12     | Reached XP level 15. HP: 114/129 MP: 18/18
 21615 | D:12     | Found a shadowy altar of Dithmenos.
 21677 | D:12     | Found a gate to the Vaults.
 21759 | D:12     | Noticed Agnes
 21765 | D:12     | Killed Agnes
 22706 | Spider:1 | Entered Level 1 of the Spider Nest
 22775 | Spider:1 | Received a gift from Okawaru
 23318 | Spider:1 | Noticed Roxanne
 23644 | Spider:1 | Reached skill level 16 in Fighting
 24224 | Spider:1 | Received a gift from Okawaru
 24319 | Spider:1 | Identified a scroll of acquirement
 24320 | Spider:1 | Identified the ring "Roqoxa" {Wiz Str+5} (You acquired it
                  | on level 1 of the Spider Nest)
 24538 | Spider:1 | Found a runed door.
 24955 | Vaults:1 | Entered Level 1 of the Vaults
 24963 | Vaults:1 | Found Fankurre's Weapon Boutique.
 24964 | Vaults:1 | Noticed a vault warden
 24981 | Vaults:1 | Noticed an ancient champion
 24985 | Vaults:1 | Killed a vault warden
 24985 | Vaults:1 | Received a gift from Okawaru
 24990 | Vaults:1 | Noticed an orc warlord
 24995 | Vaults:1 | Received a gift from Okawaru
 25001 | Vaults:1 | Noticed a vault warden
 25015 | Vaults:1 | Killed an orc warlord
 25020 | Vaults:1 | Killed a vault warden
 25021 | Vaults:1 | Gained mutation: You may emit foul miasma when damaged in
                  | melee. [demonic ancestry]
 25021 | Vaults:1 | Reached XP level 16. HP: 116/139 MP: 15/19
 25046 | Vaults:1 | Received a gift from Okawaru
 25056 | Vaults:1 | Received a gift from Okawaru
 25084 | Vaults:1 | Reached skill level 10 in Shields
 25133 | Vaults:1 | Killed an ancient champion
 25133 | Vaults:1 | Received a gift from Okawaru
 25150 | Vaults:1 | Found a staircase to the Crypt.
 25157 | Vaults:1 | Received a gift from Okawaru
 25158 | Vaults:1 | Found the +9 heavy crossbow "Sniper" {velocity, Acc+∞ SInv}
 25490 | Vaults:1 | Received a gift from Okawaru
 25491 | Vaults:1 | Found the +2 shield of Resistance {rF+ rC+ MR+}
 25596 | Vaults:1 | Gained mutation: You regenerate health from kills. [demonic
                  | ancestry]
 25596 | Vaults:1 | Reached XP level 17. HP: 85/145 MP: 14/20
 26409 | Vaults:1 | Identified the +3 leather armour of Lies {SInv}
 26432 | Vaults:1 | Received a gift from Okawaru
 26627 | D:9      | Bought a scroll of brand weapon for 234 gold pieces
 26627 | D:9      | Bought a scroll of blinking for 97 gold pieces
 26977 | Spider:2 | Noticed Aizul
 26992 | Spider:2 | Killed Aizul
 27001 | Spider:2 | Received a gift from Okawaru
 28015 | Spider:3 | Entered Level 3 of the Spider Nest
 28154 | Spider:3 | Received a gift from Okawaru
 28157 | Spider:3 | HP: 7/146 [entropy weaver (6)]
 28352 | Spider:2 | Gained mutation: Your muscles are strong. (Str +2) [potion
                  | of mutation]
 28352 | Spider:2 | Gained mutation: You have an increased reservoir of magic.
                  | (+10% MP) [potion of mutation]
 29039 | Spider:3 | Reached skill level 17 in Fighting
 29091 | Spider:3 | Received a gift from Okawaru
 29433 | D:12     | Identified the +4 chain mail "Jytah" {*Slow rC+ Str+2}
                  | (Okawaru gifted it to you on level 12 of the Dungeon)
 30253 | Spider:3 | Got a gossamer rune of Zot
 30448 | Shoals:1 | Entered Level 1 of the Shoals
 30461 | Shoals:1 | Gained mutation: You resist negative energy. (rN+) [demonic
                  | ancestry]
 30461 | Shoals:1 | Reached XP level 18. HP: 155/155 MP: 23/23
 30861 | Shoals:1 | Found Giufuxt's Jewellery Boutique.
 30871 | Shoals:1 | Bought a +3 amulet of reflection for 292 gold pieces
 31872 | Shoals:3 | Entered Level 3 of the Shoals
 32044 | Shoals:3 | Received a gift from Okawaru
 32078 | Shoals:3 | HP: 3/156 [water nymph/torrent of water (27)]
 32078 | Shoals:3 | Collided with a stone wall

Skill      XL: |  1  2  3  4  5  6  7  8  9 10 11 12 13 14 15 16 17 18 |
---------------+-------------------------------------------------------+-----
Axes           | 3 4 5 6 7 9 10 11 12 13 | 13.5
Fighting       | 4 7 9 10 12 14 15 16 17 | 17.7
Armour         | 2 6 8 10 11 | 11.3
Stealth        | 1 3 |  3.0
Invocations    | 5 |  5.0
Dodging        | 4 6 8 9 |  9.5
Shields        | 3 7 9 13 14 | 14.8
Throwing       | 5 8 9 |  9.7

Action                   |  1- 3 |  4- 6 |  7- 9 | 10-12 | 13-15 | 16-18 || total
-------------------------+-------+-------+-------+-------+-------+-------++-------
Melee: War axe           |   129 |   122 |   278 |   334 |       |       ||   863
       Kick              |       |    39 |    85 |   198 |   290 |   385 ||   997
       Headbutt          |       |     3 |    55 |   122 |   177 |   260 ||   617
       Battleaxe         |       |       |       |   183 |   690 |       ||   873
       Punch             |       |       |       |     2 |       |       ||     2
       Broad axe         |       |       |       |       |    47 |   904 ||   951
 Fire: Hunting sling     |       |     4 |       |       |       |       ||     4
Throw: Throwing net      |       |       |     3 |       |     1 |       ||     4
       Javelin           |       |       |       |       |       |    74 ||    74
Invok: Heroism           |       |       |       |     7 |    27 |    20 ||    54
       Finesse           |       |       |       |     3 |    13 |     9 ||    25
Evoke: Wand              |       |       |       |     4 |       |       ||     4
  Use: Scroll            |       |     2 |     4 |    12 |     5 |     7 ||    30
       Potion            |       |     2 |     2 |     9 |     6 |    11 ||    30
 Stab: Sleeping          |     3 |     2 |     2 |     2 |       |       ||     9
       Distracted        |       |     1 |     1 |       |     2 |    13 ||    17
       Held in net/web   |       |       |     1 |       |       |       ||     1
       Invisible         |       |       |       |    13 |       |       ||    13
       Petrified         |       |       |       |     2 |       |       ||     2
  Eat: Chunk             |     6 |    10 |    21 |    36 |    40 |    24 ||   137
       Ration            |       |       |     1 |     2 |     1 |     6 ||    10
Armor: Leather armour    |    58 |    42 |    48 |       |       |       ||   148
       Skin              |       |       |     4 |       |       |       ||     4
       Plate armour      |       |       |    57 |   219 |   534 |   250 ||  1060
       Chain mail        |       |       |     7 |       |       |    85 ||    92
       Scale mail        |       |       |       |    73 |       |       ||    73
Dodge: Dodged            |   125 |    97 |   154 |   226 |   505 |   126 ||  1233
Block: Medium shield     |       |       |       |       |    51 |  1441 ||  1492
       Reflection        |       |       |       |       |       |    14 ||    14
